 Dungeon Crawl Stone Soup version 0.30.1-11-g7821555f0a (webtiles) character file.

Game seed: 13523376723797044941

32 comborobin the Chopper (level 3, -2/31 HPs)
             Began as a Hill Orc Delver on Dec 24, 2023.
             Slain by a gnoll
             ... wielding a +0 club
              (3 damage)
             ... on level 4 of the Dungeon.
             The game lasted 00:01:00 (191 turns).

comborobin the Chopper (Hill Orc Delver)             Turns: 191, Time: 00:01:02

Health: -2/31      AC:  3    Str: 16    XL:     3   Next: 27%
Magic:  3/3        EV: 11    Int: 16    God:
Gold:   0          SH:  0    Dex: 12    Spells: 2/2 levels left

rFire   + + +        i - +3 war axe of Sequestration {flame, *Noise rF+++ Int+6}
rCold   . . .        (no shield)
rNeg    . . .        b - +0 leather armour
rPois   .            (no helmet)
rElec   .            (no cloak)
rCorr   .            (no gloves)
SInv    .            (no boots)
Will    .....        (no amulet)
Stlth   ++           (no ring)
HPRegen 0.25/turn    (no ring)
MPRegen 0.08/turn

%: no passive effects
@: lethally poisoned (-2 -> -16)
A: no striking features
a: no special abilities


You were on level 4 of the Dungeon.
You visited 1 branch of the dungeon, and saw 3 of its levels.

Inventory:

Hand Weapons
 a - a +0 hand axe
 h - a +0 quarterstaff
 i - the +3 war axe of Sequestration (weapon) {flame, *Noise rF+++ Int+6}
   (You found it on level 4 of the Dungeon)

   Int:       It affects your intelligence (+6).
   rF:        It renders you almost immune to fire.
   *Noise:    It may make noises in combat.
Armour
 b - a +0 leather armour (worn)
Wands
 g - a wand of digging (2)
Scrolls
 c - a scroll of fog
 d - a scroll of magic mapping
Potions
 j - a potion of heal wounds {unknown}


   Skills:
 - Level 3.6 Fighting
 + Level 4.8 Axes
 - Level 1.5 Dodging
 - Level 4.1 Stealth


You had 2 spell levels left.
You didn't know any spells.
Your spell library was empty.

Dungeon Overview and Level Annotations

Branches:
Dungeon (6/15)
 Temple: D:4-7

Altars:


Message History

There is an open door here.
A kobold comes into view.
It is wielding a +0 dagger and quivering poisoned darts.
The gnoll throws a throwing net.
The throwing net hits you.
You become entangled in the net!
You see here a throwing net.
You tear a large gash into the net.
You struggle against the net.
You shred the net and break free!
The kobold throws a poisoned dart.
The poisoned dart completely misses you.
The kobold throws a poisoned dart.
The poisoned dart barely misses you. The gnoll attacks as you move away!
The gnoll hits you with a +0 club.
A gnoll comes into view. It is wielding a +0 club.
The kobold throws a poisoned dart.
The poisoned dart hits you!
You are poisoned.
You feel very sick.
You feel sick.
You slash the gnoll! You burn the gnoll.
Your war axe of Sequestration asks, "Did you take a vow of silence?"
The gnoll is almost dead.
You feel sick.
You hear a shout!
The gnoll hits you but does no damage. The gnoll completely misses you.
You barely miss the gnoll.
The gnoll is almost dead.
You feel sick. The gnoll hits you with a +0 club!
You feel sick.
You closely miss the gnoll.
The gnoll is almost dead.
You feel sick.
The kobold throws a poisoned dart.
The poisoned dart hits you!
You are lethally poisoned!
The gnoll hits you with a +0 club!
* * * LOW HITPOINT WARNING * * *
Okay, then.
It was a potion of cancellation.
You feel magically purged.
* * * LOW HITPOINT WARNING * * *
You feel very sick.
The kobold throws a poisoned dart.
The poisoned dart hits you.
You are more poisoned.
The gnoll hits you with a +0 club.
You die...

#.....#...#
#.....+...#....
#.....#'###....
+..............
#..............
#K.............
#..g...........
#..............
#@g........####
+..........#
#....).....#
#+##..........#
.............g#######
....................#
.....................
.....................
.........##+##.......


You could see 2 gnolls and a kobold.

Vanquished Creatures
  An orc wizard (D:5)
  2 dart slugs (D:4)
  A ball python (D:4)
  An endoplasm (D:4)
5 creatures vanquished.

Notes
Turn   | Place    | Note
-------+----------+-------------------------------------------
     0 | D:5      | comborobin the Hill Orc Delver began the quest for the Orb.
     0 | D:5      | Reached XP level 1. HP: 19/19 MP: 1/1
     3 | D:6      | Noticed a bullfrog
    22 | D:5      | Noticed an ice beast
    23 | D:5      | Noticed an orc wizard
    62 | D:5      | Killed an orc wizard
    63 | D:5      | Reached XP level 2. HP: 25/26 MP: 2/2
    63 | D:5      | Reached XP level 3. HP: 30/31 MP: 3/3
   141 | D:4      | Identified the +3 war axe of Sequestration {flame, *Noise
                  | rF+++ Int+6}
   170 | D:4      | Noticed an ogre
   191 | D:4      | HP: 1/31 [poisoned by a kobold]
   191 | D:4      | Slain by a gnoll

Illustrated notes

Levels and vault maps discovered:
D:4:      layout_gridville, zin_scriptorium
D:5:      layout_basic, nicolae_wu_jian_wuxing_cycle,
          kennysheep_decorative_pillar, hex_medium, minmay_misc_feat_five,
          nicolae_inconvenience_store, grunt_tough_drop
D:6:      layout_rooms, fedhas_ov_isle_minmay, nicolae_overflow_crystal_walls,
          grunt_temple_overflow_open, minmay_temple_entry_trees,
          biasface_ghost_orc_armoury, amethyst_killhole

Skill      XL: |  1 |
---------------+----+-----
Axes           | 4 |  4.8
Fighting       | |  3.6
Dodging        | |  1.5
Stealth        | |  4.1

Action                     || total
---------------------------++-------
  Melee: Quarterstaff      ||     7
         War axe           ||     6
  Evoke: Wand              ||     1
    Use: Potion            ||     2
         Scroll            ||     1
 Armour: Leather armour    ||     2
  Dodge: Dodged            ||     8
